Map: Dasan Station LE

Players

Gracz - Winner!

  • Race: Protoss Protoss
  • League: Bronze

JOSE

  • Race: Protoss Protoss
  • League: Bronze

VOD

Have the link to the VOD?

Description

Time

  • Played on: Aug. 31, 2016, 10:02 a.m.
  • Length: 18:37
Show
View Real Time Build Order
Export as new Build Order

Gracz Protoss - Winner!

Build Orders:  

Get SALT Encoding   

  12  0:14  Pylon  
  12  0:16  Probe (Chrono Boost)  
  13  0:27  Probe (Chrono Boost)  
  14  0:35  Assimilator  
  14  0:38  Probe (Chrono Boost)  
  14  0:41  Gateway  
  15  0:58  Probe (Chrono Boost)  
  16  1:08  Gateway  
  16  1:09  Probe (Chrono Boost)  
  17  1:20  Probe (Chrono Boost)  
  18  1:25  Assimilator  
  18  1:30  Probe (Chrono Boost)  
  18  1:31  Zealot  
  21  1:41  Probe (Chrono Boost)  
  22  1:51  Pylon  
  22  1:56  Probe (Chrono Boost)  
  23  2:12  Zealot  
  25  2:25  Cybernetics Core  
  25  2:36  Nexus  
  25  2:55  Warp Gate  
  25  3:03  Assimilator  
  25  3:05  Assimilator  
  26  3:06  Probe (Chrono Boost)  
  26  3:17  Pylon  
  26  3:19  Pylon  
  28  3:20  Mothership Core (Chrono Boost)  
  28  3:24  Gateway  
  28  3:38  Stalker  
  28  3:40  Probe (Chrono Boost)  
  31  3:52  Probe (Chrono Boost)  
  32  4:00  Gateway  
  32  4:01  Gateway  
  32  4:30  Probe (Chrono Boost)  
  33  4:40  Probe (Chrono Boost)  
  34  4:51  Probe (Chrono Boost)  
  35  5:49  Probe (Chrono Boost)  
  36  5:50  Mothership Core (Chrono Boost)  
  36  5:59  Probe (Chrono Boost)  
  36  6:00  Pylon  
  37  6:10  Pylon, Probe (Chrono Boost)  
  38  6:14  Pylon  
  38  6:18  Pylon  
  38  6:22  Probe (Chrono Boost)  
  39  6:31  Twilight Council  
  39  6:38  Robotics Facility  
  39  6:40  Robotics Facility  
  39  6:44  Robotics Facility, Stalker x2  
  39  6:45  Stalker x3  
  39  6:46  Robotics Facility  
  49  7:00  Gateway  
  49  7:03  Gateway  
  49  7:12  Dark Shrine  
  49  7:23  Stargate  
  49  7:24  Stargate  
  49  7:29  Pylon  
  49  7:39  Probe (Chrono Boost)  
  50  7:48  Observer, Protoss Air Weapons Level 1, Warp Prism  
  50  7:50  Probe (Chrono Boost), Immortal x2  
  62  8:00  Probe (Chrono Boost)  
  63  8:18  Pylon, Void Ray x2  
  71  8:32  Stargate, Probe (Chrono Boost)  
  72  8:36  Stalker  
  72  8:37  Stalker x3  
  72  8:40  Zealot x3  
  86  8:42  Probe (Chrono Boost)  
  88  8:49  Probe (Chrono Boost)  
  88  8:55  Blink  
  88  9:00  Immortal  
  88  9:01  Probe (Chrono Boost)  
  93  10:18  Stalker x2  
  93  10:19  Stalker  
  93  10:20  Sentry x3  
  93  10:21  Sentry  
  99  11:38  Nexus  
  99  11:43  Assimilator  
  99  11:48  Assimilator  
  99  11:54  Stalker  
  99  11:55  Stalker x4  
  109  12:02  Pylon  
  109  12:05  Pylon  
  109  12:10  Pylon  
  109  12:17  Pylon  
  109  12:20  Void Ray x2  
  109  12:22  Void Ray  
  121  12:52  Probe (Chrono Boost)  
  121  12:55  Immortal x2  
  130  13:02  Probe (Chrono Boost), Void Ray x2  
  139  13:13  Probe (Chrono Boost)  
  139  13:15  Dark Templar x3  
  139  13:16  Dark Templar  
  148  13:21  Dark Templar  
  148  13:23  Probe (Chrono Boost)  
  152  13:34  Probe (Chrono Boost)  
  152  13:45  Void Ray  
  156  14:29  Void Ray  
  156  14:33  Void Ray  
  154  14:41  Pylon  
  154  14:42  Stalker  
  154  14:43  Pylon  
  156  14:45  Pylon  
  156  14:47  Pylon  
  156  14:48  Pylon  
  156  14:51  Pylon  
  156  14:54  Pylon  
  156  14:56  Pylon  
  156  14:58  Pylon  
  156  15:01  Pylon  
  156  15:02  Fleet Beacon  
  156  15:12  Void Ray  
  160  15:16  Stalker x3  
  160  15:17  Stalker  
  168  15:25  Sentry x3  
  174  15:38  Void Ray  
  174  15:40  Void Ray  
  182  15:45  Sentry x3  
  182  15:46  Sentry  
  190  15:54  Void Ray  
  200  16:38  Nexus  
  200  16:45  Assimilator  
  200  16:49  Assimilator  
Show
View Real Time Build Order
Export as new Build Order

JOSE Protoss 

Build Orders:  

Get SALT Encoding   

  12  0:05  Probe (Chrono Boost)  
  13  0:15  Probe (Chrono Boost)  
  14  0:30  Pylon  
  14  0:34  Pylon  
  14  0:41  Pylon  
  14  0:46  Pylon  
  14  0:48  Probe (Chrono Boost)  
  15  0:59  Probe (Chrono Boost)  
  16  1:09  Gateway  
  16  1:13  Gateway  
  16  1:27  Gateway  
  16  1:37  Pylon  
  16  1:42  Pylon  
  16  1:45  Probe (Chrono Boost)  
  17  1:52  Assimilator  
  17  1:57  Assimilator  
  17  2:05  Zealot  
  17  2:06  Zealot  
  21  2:22  Forge  
  21  2:26  Probe (Chrono Boost)  
  22  2:33  Zealot  
  22  2:36  Probe (Chrono Boost)  
  25  2:42  Cybernetics Core  
  25  2:47  Probe (Chrono Boost)  
  25  2:49  Zealot  
  28  2:53  Zealot  
  30  3:01  Zealot  
  32  3:16  Pylon  
  32  3:20  Pylon  
  32  3:27  Zealot  
  32  3:28  Zealot  
  32  3:33  Zealot  
  38  4:01  Nexus  
  38  4:08  Assimilator  
  38  4:19  Assimilator  
  38  4:25  Zealot x2  
  38  4:29  Zealot  
  44  4:32  Probe (Chrono Boost)  
  45  4:42  Probe (Chrono Boost)  
  45  4:53  Stalker, Probe (Chrono Boost)  
  48  5:04  Mothership Core (Chrono Boost)  
  48  5:05  Stalker  
  51  5:10  Stalker  
  49  5:33  Stalker  
  49  5:35  Stalker  
  53  5:53  Probe (Chrono Boost)  
  54  6:04  Probe (Chrono Boost)  
  55  6:12  Probe (Chrono Boost)  
  55  6:14  Probe (Chrono Boost)  
  57  6:23  Probe (Chrono Boost)  
  57  6:25  Probe (Chrono Boost)  
  59  6:33  Probe (Chrono Boost)  
  59  6:35  Probe (Chrono Boost)  
  61  6:44  Probe (Chrono Boost)  
  62  6:53  Nexus  
  62  6:55  Probe (Chrono Boost)  
  62  6:59  Assimilator  
  63  7:05  Assimilator, Probe (Chrono Boost)  
  64  7:16  Probe (Chrono Boost)  
  64  7:17  Probe (Chrono Boost)  
  66  7:26  Probe (Chrono Boost)  
  67  7:32  Probe (Chrono Boost)  
  69  7:37  Probe (Chrono Boost)  
  69  7:43  Pylon, Probe (Chrono Boost)  
  70  7:47  Probe (Chrono Boost)  
  70  7:49  Pylon  
  71  7:53  Probe (Chrono Boost)  
  71  7:55  Pylon  
  72  7:59  Pylon  
  72  8:02  Probe (Chrono Boost)  
  73  8:12  Probe (Chrono Boost)  
  74  8:16  Stargate  
  74  8:17  Stargate  
  74  8:21  Stargate  
  74  8:23  Probe (Chrono Boost)  
  74  8:24  Stargate  
  75  8:42  Pylon  
  75  8:58  Photon Cannon  
  75  9:06  Void Ray x3  
  75  9:12  Void Ray  
  91  9:23  Photon Cannon  
  91  9:36  Robotics Facility  
  91  9:43  Void Ray x2  
  91  9:44  Void Ray  
  103  9:55  Void Ray  
  107  10:20  Void Ray  
  107  10:21  Void Ray x2  
  107  10:27  Nexus  
  119  10:33  Assimilator  
  117  10:54  Assimilator  
  117  11:15  Void Ray x3  
  117  11:19  Void Ray  
  133  11:28  Observer  
  135  11:40  Probe (Chrono Boost)  
  135  11:49  Observer  
  135  11:52  Probe (Chrono Boost)  
  137  12:01  Twilight Council  
  137  12:05  Probe (Chrono Boost)  
  138  12:11  Observer  
  138  12:12  Void Ray x2  
  138  12:13  Void Ray  
  140  12:17  Probe (Chrono Boost)  
  140  12:22  Void Ray  
  156  12:42  Pylon  
  156  12:45  Pylon  
  156  13:13  Pylon  
  156  13:21  Pylon, Void Ray x3  
  156  13:23  Void Ray  
  159  13:58  Void Ray  
  160  14:59  Nexus  
  160  15:03  Pylon  
  160  15:07  Pylon  
  160  15:11  Pylon  
  160  15:23  Assimilator  
  160  15:26  Pylon  
  160  15:33  Pylon  
  160  15:37  Pylon  
  160  15:49  Pylon  
  160  16:06  Void Ray x3  
  160  16:11  Pylon  
  160  16:12  Void Ray  
  176  16:29  Probe (Chrono Boost)  
  175  16:42  Probe (Chrono Boost)  
  175  16:43  Void Ray x3  
  176  16:54  Probe (Chrono Boost), Void Ray  
  193  17:01  Probe (Chrono Boost)  
  193  17:06  Probe (Chrono Boost)  
  195  17:12  Probe (Chrono Boost)  
  196  17:18  Probe (Chrono Boost)  
  198  17:22  Probe (Chrono Boost)  
  198  17:49  Fleet Beacon  
  192  17:59  Robotics Bay  
Tags
 
Add a new tag
Caveats
  • Supply blocks, unpowered buildings, or Contaminate may cause inaccurate times.
  • Supply counts are checked every 10 seconds.